 Dungeon Crawl Stone Soup version 0.24-a0-537-g2d01d4ab0a (webtiles) character file.

Game seed: 13336879742998686909

59 Mithandil the Skirmisher (level 3, -2/29 HPs)
             Began as a Demonspawn Abyssal Knight on Aug 14, 2019.
             Was a Believer of Lugonu.
             Slain by a mummy (8 damage)
             ... in an ossuary.
             The game lasted 00:09:01 (1382 turns).

Mithandil the Skirmisher (DsAK)                     Turns: 1382, Time: 00:09:04

Health: -2/29      AC:  7    Str: 13    XL:     3   Next: 78%
Magic:  5/5        EV: 10    Int: 13    God:    Lugonu [**....]
Gold:   77         SH:  3    Dex: 12    Spells: 2/2 levels left

rFire    . . .     SeeInvis .   a - +1 falchion
rCold    + . .     Gourm    .   h - +0 buckler
rNeg     . . .     Faith    .   m - +0 ring mail
rPois    .         Spirit   .   (no helmet)
rElec    .         Reflect  .   (no cloak)
rCorr    .         Harm     .   (no gloves)
MR       .....                  (no boots)
Stlth    +.........             (no amulet)
HPRegen  0.09/turn              d - ring of protection from cold
MPRegen  0.09/turn              (no ring)

@: no status effects
A: thin metallic scales 1, rot immunity
a: Depart the Abyss, Bend Space, Renounce Religion


You were in an ossuary.
You worshipped Lugonu.
Lugonu was pleased with you.
You were not hungry.

You visited 1 branch of the dungeon, and saw 4 of its levels.
You visited the Abyss 1 time.
You also visited: Ossuary.

You collected 77 gold pieces.

Inventory:

Hand Weapons
 a - a +1 falchion (weapon)
 l - a +0 hunting sling
Missiles
 e - 76 stones (quivered)
 g - 39 arrows
 j - a throwing net
 k - 63 bolts
Armour
 b - a +0 leather armour
 h - a +0 buckler (worn)
 m - a +0 ring mail (worn)
Jewellery
 d - a ring of protection from cold (left hand)
Scrolls
 i - a scroll of remove curse
Comestibles
 c - 3 rations
 f - a chunk of flesh


   Skills:
 + Level 3.3 Fighting
 * Level 2.4 Long Blades
 + Level 0.8 Throwing
 + Level 2.1 Armour
 + Level 1.3 Dodging
 * Level 0.5 Shields
 + Level 3.0 Invocations


You had 2 spell levels left.
You didn't know any spells.
Your spell library was empty.

Dungeon Overview and Level Annotations

Branches:
Dungeon (4/15)
 Temple: D:4-7

Altars:


Innate Abilities, Weirdness & Mutations

You are partially covered in thin metallic scales. (AC +2)
You are immune to rotting.


Message History

The mummy hits you but does no damage.
The big kobold zombie hits you but does no damage.
The orc zombie barely misses you.
You riposte.
You slash the orc zombie!
You destroy the orc zombie!
Lugonu accepts your kill.
You hit the big kobold zombie.
The big kobold zombie is lightly damaged.
The big kobold zombie hits you but does no damage.
The mummy hits you.
You hit the mummy.
The mummy is lightly damaged.
The big kobold zombie hits you.
You hit the mummy.
The mummy is lightly damaged.
The orc zombie closely misses you.
You riposte.
You hit the orc zombie.
The orc zombie is lightly damaged.
The mummy hits you!
* * * LOW HITPOINT WARNING * * *
The mummy hits you!
You die...

.............
...........
........#
......#
#.Z..# #....#
#MZ..#


#MZMZ# #M@Z.# #....# #....# #....# #.∩∩.# ###### You could see 4 mummies, a
hobgoblin zombie, a gnoll zombie, a kobold zombie, a big kobold zombie and an
orc zombie.

Vanquished Creatures
  A worker ant (D:4)
  A worm (D:2)
  A leopard gecko (D:2)
  4 bats (D:1)
  5 goblins
  3 hobgoblins (D:1)
  6 jackals
  A frilled lizard (D:2)
  2 goblin zombies (D:4)
  2 kobolds (D:1)
  2 orc zombies (Ossuary)
  3 rats (D:1)
31 creatures vanquished.

Notes
Turn   | Place    | Note
-------+----------+-------------------------------------------
     0 | Abyss:1  | Mithandil the Demonspawn Abyssal Knight began the quest for
                  | the Orb.
     0 | Abyss:1  | Reached XP level 1. HP: 18/18 MP: 2/2
    28 | D:1      | Escaped the Abyss
    74 | D:1      | Reached skill level 1 in Dodging
   347 | D:1      | Gained mutation: You are immune to rotting. [demonic
                  | ancestry]
   347 | D:1      | Reached XP level 2. HP: 18/24 MP: 3/3
   928 | D:1      | Reached ** piety under Lugonu
   928 | D:1      | Gained mutation: You are partially covered in thin metallic
                  | scales. (AC +2) [demonic ancestry]
   928 | D:1      | Reached XP level 3. HP: 27/29 MP: 5/5
  1323 | D:4      | Found a sand-covered staircase.
  1345 | Ossuary  | Entered an ossuary
  1382 | Ossuary  | Slain by a mummy

Levels and vault maps discovered:
D:1:      elethiomel_arrival_quiet, layout_basic, minmay_misc_feat_x,
          hangedman_glass_teeth
D:2:      layout_loops_ring, minmay_misc_feat_tiny, nicolae_ru_path_of_blood
D:3:      layout_basic, first_ration, chequers_ecumenical_altar_simple_redux,
          minmay_shallow_snake_nest, uniq_robin, uniq_grinder
D:4:      layout_loops_cross, enter_ossuary_4
Ossuary:  ossuary_tomb_3

Skill      XL: |  1  2  3 |
---------------+----------+-----
Dodging        | 1 |  1.3
Long Blades    | 2 |  2.4
Armour         | 2 |  2.1
Invocations    | 3 |  3.0
Fighting       | |  3.3
Throwing       | |  0.8
Shields        | |  0.5

Action                   || total
-------------------------++-------
Melee: Falchion          ||   112
  Use: Potion            ||     2
       Scroll            ||     4
  Eat: Chunk             ||     2
Armor: Leather armour    ||    34
       Ring mail         ||     7
Dodge: Dodged            ||    68
Block: Buckler           ||     6
       Rpst.: Falchion   ||    22

Table legend:
 A = Non-vault XP
 B = Vault XP
 C = Vault XP percentage of total XP
 D = Non-vault monster count
 E = Vault monster count
 F = Vault count percentage of total count
                 A         B        C        D         E       F
            +---------+---------+-------+---------+---------+-------
      Total |      81 |       4 |   4.7 |      27 |       4 |  12.9
            +---------+---------+-------+---------+---------+-------
        D:1 |      32 |       0 |   0.0 |      20 |       0 |   0.0
        D:2 |      15 |       0 |   0.0 |       6 |       0 |   0.0
        D:4 |      34 |       2 |   5.6 |       1 |       2 |  66.7
    Ossuary |       0 |       2 | 100.0 |       0 |       2 | 100.0
            +---------+---------+-------+---------+---------+-------
